 Dungeon Crawl Stone Soup version 0.27.0-1-g7a089689b8 (webtiles) character file.

Game seed: 10582964735438808654

16555 Smaepdii the Cleaver (level 12, -10/165 HPs)
             Began as a Minotaur Berserker on Aug 11, 2021.
             Was a High Priest of Trog.
             Mangled by a skeletal warrior (23 damage)
             ... led by a death knight
             ... on level 11 of the Dungeon.
             The game lasted 00:38:26 (13239 turns).

Smaepdii the Cleaver (Minotaur Berserker)          Turns: 13239, Time: 00:38:27

Health: -10/165    AC: 26    Str: 23    XL:     12   Next: 11%
Magic:  11/11      EV:  2    Int:  4    God:    Trog [*****.]
Gold:   312        SH:  0    Dex: 14    Spells: 11/11 levels left

rFire    . . .     SeeInvis .   a - +0 broad axe
rCold    . . .     Faith    .   (no shield)
rNeg     + + +     Spirit   .   (armour currently unavailable)
rPois    +         Reflect  .   (helmet currently unavailable)
rElec    .         Harm     .   (cloak currently unavailable)
rCorr    .         Rampage  .   (gloves currently unavailable)
Will     .....     NoTele   +   (boots currently unavailable)
Stlth    +.........             (no amulet)
HPRegen  0.37/turn              g - +4 ring of evasion
MPRegen  0.12/turn              q - ring of poison resistance

@: tree-form, on berserk cooldown, slowed, very slow
A: stationary, stasis, torment immunity, boosted hp, (horns 2), (retaliatory
headbutt)
a: Renounce Religion, Berserk, Trog's Hand, Brothers in Arms


You were on level 11 of the Dungeon.
You worshipped Trog.
Trog was extremely pleased with you.
You were a tree.
You visited 1 branch of the dungeon, and saw 11 of its levels.

You collected 627 gold pieces.
You spent 315 gold pieces at shops.

Inventory:

Hand Weapons
 a - a +0 broad axe (weapon)
Missiles
 d - 2 throwing nets
 k - 42 poisoned darts (quivered)
Armour
 e - a +1 pair of boots (melded)
 s - a +0 plate armour (melded)
 t - a +1 pair of gloves (melded)
 v - a +1 chain mail of fire resistance
 C - a +2 hat (melded)
Jewellery
 f - a ring of positive energy
 g - a +4 ring of evasion (left branch)
 q - a ring of poison resistance (right branch)
 z - a ring of fire
Wands
 j - a wand of charming (7)
 w - a wand of paralysis (10)
 y - a wand of iceblast (5)
 A - a wand of acid (8)
 E - a wand of mindburst (18)
Scrolls
 c - a scroll of enchant armour
 n - a scroll of summoning
 o - a scroll of immolation
 p - a scroll of magic mapping
 r - 3 scrolls of enchant weapon
 u - a scroll of vulnerability {unknown}
 x - a scroll of identify
 D - 2 scrolls of teleportation {unknown}
Potions
 b - 3 potions of might
 h - 3 potions of curing
 i - a potion of invisibility
 l - a potion of cancellation {unknown}
 m - 2 potions of ambrosia {unknown}
 B - a potion of lignification
 F - a potion of resistance


   Skills:
 + Level 11.2 Fighting
 * Level 14.7 Axes
 + Level 10.9 Armour
 + Level 10.1 Dodging


You had 11 spell levels left.
You didn't know any spells.
Your spell library was empty.

Dungeon Overview and Level Annotations

Branches:
Dungeon (11/15)            Temple (0/1) D:7            Lair (0/6) D:10
    Orc: D:9-12

Altars:
Cheibriados
Dithmenos
Elyvilon
Makhleb
Vehumet
Wu Jian
Xom
The Shining One

Shops:
D:2 [   D:3 [(


Innate Abilities, Weirdness & Mutations

You are a tree.
Your roots penetrate the ground, keeping you stationary.
You cannot be teleported.
You are immune to unholy pain and torment.
Your maximum health is greatly increased.
Your equipment is partially melded.
((You have a pair of horns on your head.))
((You reflexively headbutt those who attack you in melee.))


Message History

The freezing wraith closely misses you. The freezing wraith hits you!
You slash the freezing wraith!
The freezing wraith is moderately damaged.
The freezing wraith completely misses you.
The freezing wraith hits you.
You slice the freezing wraith!!
You headbutt the freezing wraith, but do no damage.
The freezing wraith is severely damaged.
You feel the effects of Trog's Hand fading.
The freezing wraith hits you! The freezing wraith freezes you!!
The freezing wraith hits you.
You slash the freezing wraith!
You destroy the freezing wraith!
Trog accepts your kill.
You closely miss the skeletal warrior.
You headbutt the skeletal warrior, but do no damage.
The skeletal warrior hits you with a +0 war axe!!
* * * LOW HITPOINT WARNING * * *
Really quaff the potion of lignification?
You turn into a tree.
Your +2 hat melds into your body.
Your +1 pair of gloves melds into your body.
Your +1 pair of boots melds into your body.
Your +0 plate armour melds into your body.
Your roots penetrate the ground.
The skeletal warrior hits you but does no damage.
The skeletal warrior hits you with a +0 war axe!
* * * LOW HITPOINT WARNING * * *
You hit the skeletal warrior.
The skeletal warrior is lightly damaged.
Your skin stops crawling.
You feel less strong-willed.
The skeletal warrior hits you but does no damage.
You barely miss the skeletal warrior.
The skeletal warrior is lightly damaged.
The skeletal warrior hits you with a +0 war axe!
* * * LOW HITPOINT WARNING * * *
You hit the skeletal warrior but do no damage.
The skeletal warrior is lightly damaged.
The skeletal warrior completely misses you.
The skeletal warrior hits you with a +0 war axe!!
You die...

#......# #......#
#####.## #.# #.# ####
#####.### # .....
#.......# #
...(..######.......#####
......z♣...#..........##
......####.........##..'
..... ###.......#####
.... #.......# # ##.
#.........# ..
#.#####.#.# + #. ......
#. #####.# .. .#


You could see a skeletal warrior.

Vanquished Creatures
  Gastronok (D:10)
  A centaur warrior (D:8)
  A death knight (D:11)
  2 two-headed ogres
  A skeletal warrior (D:11)
  A cyclops (shapeshifter) (D:8)
  3 cyclopes
  2 ugly things (D:8)
  A manticore (D:8)
  Maurice (D:8)
  A kobold demonologist (D:10)
  An unseen horror (D:11)
  A tengu conjurer (D:8)
  A freezing wraith (D:11)
  5 trolls
  3 wyverns
  3 yaks
  2 wraiths
  A basilisk (D:8)
  A vampire mosquito (D:8)
  2 steam dragons
  3 water moccasins
  Duvessa (D:7)
  3 sky beasts
  7 orc warriors
  3 ice beasts
  3 ogres
  3 black bears
  2 necrophages
  5 centaurs
  2 kobold brigands
  2 bullfrogs (D:8)
  3 scorpions
  10 killer bees
  Dowan (D:7)
  4 wights (D:8)
  2 howler monkeys (D:8)
  4 centaur zombies
  A hound (D:7)
  2 jellies
  5 orc priests
  A bullfrog skeleton (D:7)
  2 centaur skeletons (D:5)
  2 iguanas
  8 orc wizards
  A killer bee zombie (D:6)
  2 hound skeletons (D:4)
  2 howler monkey zombies
  3 gnolls (D:2)
  3 adders
  2 white imps
  2 ufetubi
  3 adder skeletons (D:4)
  A worm (D:5)
  4 dart slugs
  30 orcs
  9 endoplasms
  A giant cockroach (D:1)
  12 goblins
  4 hobgoblins
  7 jackals
  4 quokkas
  4 ball pythons
  3 bats
  3 frilled lizards
  14 kobolds
  3 rats
231 creatures vanquished.

Vanquished Creatures (collateral kills)
  A two-headed ogre (D:10)
  A kobold demonologist (D:10)
  A kobold brigand (D:10)
  2 kobolds (D:10)
5 creatures vanquished.

Vanquished Creatures (others)
  2 fungi (D:10)
  3 plants (D:10)
5 creatures vanquished.

Grand Total: 241 creatures vanquished

Notes
Turn   | Place    | Note
-------+----------+-------------------------------------------
     0 | D:1      | Smaepdii the Minotaur Berserker began the quest for the
                  | Orb.
     0 | D:1      | Reached XP level 1. HP: 19/19 MP: 0/0
   365 | D:1      | Found a faded altar of an unknown god.
   370 | D:1      | Reached XP level 2. HP: 27/27 MP: 1/1
   513 | D:1      | Reached skill level 4 in Axes
  1200 | D:2      | Reached XP level 3. HP: 25/33 MP: 2/2
  1565 | D:2      | Reached ** piety under Trog
  1656 | D:2      | Found Ytaarre's Antique Armour Shoppe.
  1675 | D:2      | Reached XP level 4. HP: 40/40 MP: 3/3
  1713 | D:2      | Bought a pair of boots for 90 gold pieces
  2043 | D:3      | Found a shadowy altar of Dithmenos.
  2196 | D:3      | Found Qobullinico's Antique Weapon Emporium.
  2570 | D:3      | Found a glowing golden altar of the Shining One.
  2815 | D:3      | Found Olemef's Antique Armour Boutique.
  2971 | D:4      | Reached skill level 5 in Axes
  3082 | D:4      | Noticed an ogre
  3096 | D:4      | Killed an ogre
  3097 | D:4      | Reached XP level 5. HP: 26/47 MP: 4/4
  3387 | D:4      | Found a radiant altar of Vehumet.
  3481 | D:4      | Noticed a black bear
  3499 | D:4      | Killed a black bear
  3500 | D:4      | Reached skill level 6 in Axes
  3500 | D:4      | Reached XP level 6. HP: 55/55 MP: 5/5
  3584 | D:4      | Reached skill level 5 in Fighting
  3959 | D:5      | Entered Level 5 of the Dungeon
  4143 | D:5      | Noticed a sky beast
  4153 | D:5      | Killed a sky beast
  4154 | D:5      | Reached XP level 7. HP: 61/61 MP: 6/6
  4508 | D:5      | Reached skill level 7 in Axes
  4525 | D:5      | Reached skill level 5 in Armour
  4526 | D:5      | Reached *** piety under Trog
  4632 | D:5      | Found a white marble altar of Elyvilon.
  4637 | D:5      | Found a burning altar of Makhleb.
  4639 | D:5      | Found a shimmering altar of Xom.
  4791 | D:5      | Found a snail-covered altar of Cheibriados.
  5006 | D:5      | Reached skill level 5 in Dodging
  5006 | D:5      | Reached XP level 8. HP: 48/70 MP: 7/7
  5325 | D:6      | Reached skill level 8 in Axes
  6460 | D:6      | Reached skill level 9 in Axes
  7238 | D:7      | Reached XP level 9. HP: 59/79 MP: 8/8
  7596 | D:3      | Bought a pair of glowing gloves for 225 gold pieces
  7904 | D:7      | Reached skill level 10 in Axes
  7967 | D:7      | Noticed a troll
  7983 | D:7      | Killed a troll
  8112 | D:7      | Noticed Dowan
  8124 | D:7      | Killed Dowan
  8156 | D:7      | Found a staircase to the Ecumenical Temple.
  8179 | D:7      | Noticed Duvessa
  8190 | D:7      | Killed Duvessa
  8607 | D:8      | Reached **** piety under Trog
  8902 | D:8      | Reached skill level 11 in Axes
  8958 | D:8      | Noticed a cyan ugly thing
  8965 | D:8      | Killed a cyan ugly thing
  8967 | D:8      | Noticed a cyclops
  9018 | D:8      | Killed a cyclops
  9019 | D:8      | Reached XP level 10. HP: 69/90 MP: 9/9
  9111 | D:8      | Noticed a brown ugly thing
  9122 | D:8      | Noticed a cyclops
  9123 | D:8      | Killed a brown ugly thing
  9130 | D:8      | Killed a cyclops
  9130 | D:8      | Noticed a manticore
  9131 | D:8      | Reached skill level 12 in Axes
  9145 | D:8      | Killed a manticore
  9410 | D:8      | Noticed a cyclops
  9424 | D:8      | Killed a cyclops
  9495 | D:8      | Noticed a centaur warrior
  9502 | D:8      | Killed a centaur warrior
  9559 | D:8      | Noticed a two-headed ogre
  9573 | D:8      | Killed a two-headed ogre
  9574 | D:8      | Reached XP level 11. HP: 99/99 MP: 10/10
  9665 | D:8      | Reached skill level 13 in Axes
  9667 | D:8      | Noticed Maurice
  9691 | D:8      | Killed Maurice
  9692 | D:8      | Reached skill level 10 in Fighting
 11879 | D:10     | Entered Level 10 of the Dungeon
 11899 | D:10     | Reached skill level 10 in Armour
 12163 | D:10     | Found a staircase to the Lair.
 12337 | D:10     | Noticed Gastronok
 12350 | D:10     | Killed Gastronok
 12351 | D:10     | Reached skill level 14 in Axes
 12577 | D:10     | Found an ornate altar of the Wu Jian Council.
 12581 | D:10     | Noticed a two-headed ogre
 12596 | D:10     | Killed a two-headed ogre
 12596 | D:10     | Reached ***** piety under Trog
 12615 | D:10     | Noticed a two-headed ogre
 12620 | D:10     | Killed a two-headed ogre
 13183 | D:11     | Noticed a skeletal warrior
 13202 | D:11     | Noticed a death knight
 13203 | D:11     | Noticed a skeletal warrior
 13220 | D:11     | Killed a skeletal warrior
 13221 | D:11     | Reached skill level 10 in Dodging
 13221 | D:11     | Reached XP level 12. HP: 102/110 MP: 11/11
 13231 | D:11     | Killed a death knight
 13239 | D:11     | Mangled by a skeletal warrior

Illustrated notes

Levels and vault maps discovered:
D:1:      dpeg_arrival_rhombus, layout_loops_ring,
          dreamdust_ecumenical_altar_statues, chequers_serial_rivers_small_b
D:2:      layout_loops_ring, serial_shops, nicolae_shop_statue_plus
D:3:      layout_loops_ring, mainiacjoe_overflow_catwalk, grunt_dithmenos_smoke,
          serial_shops, shop_statue, nicolae_square_shop, minivault_27
D:4:      cheibrodos_barr_body, layout_loops_cross, nicolae_vehumet_radiance
D:5:      layout_loops_ring, slow_altar_2, grunt_temple_overflow_open
D:6:      layout_loops_corners, corexii_corridor_pit
D:7:      layout_basic, minmay_temple_entry_glass, uniq_duvessa
D:8:      hangedman_cross_veins, layout_layer_cave, uniq_maurice
D:9:      layout_long_grid, hex_tiny
D:10:     layout_irregular_city, mainiacjoe_overflow_boulevard,
          grunt_lair_entry_orc_guard_hut, uniq_gastronok
D:11:     layout_roguey, orc_david_3, billiards_dpeg

Skill      XL: |  1  2  3  4  5  6  7  8  9 10 11 |
---------------+----------------------------------+-----
Axes           | 4 5 6 7 9 11 12 14 | 14.7
Fighting       | 4 5 6 7 8 9 11 | 11.2
Armour         | 3 4 5 6 8 9 10 | 10.9
Dodging        | 3 4 5 6 7 8 10 | 10.1

Action                   |  1- 3 |  4- 6 |  7- 9 | 10-12 || total
-------------------------+-------+-------+-------+-------++-------
Melee: Hand axe          |    88 |   121 |   122 |       ||   331
       Headbutt          |     8 |    17 |    55 |    56 ||   136
       Broad axe         |       |       |   122 |   266 ||   388
Throw: Dart              |       |     3 |    12 |       ||    15
Invok: Berserk           |     2 |     4 |     9 |    11 ||    26
       Trog's Hand       |       |       |     2 |     4 ||     6
       Brothers in Arms  |       |       |     1 |     1 ||     2
  Use: Scroll            |       |     7 |     7 |     4 ||    18
       Potion            |       |       |     3 |     3 ||     6
 Stab: Sleeping          |     1 |       |       |       ||     1
Armor: Animal skin       |    17 |     1 |       |       ||    18
       Chain mail        |       |    49 |    34 |       ||    83
       Plate armour      |       |       |   120 |   147 ||   267
       Skin              |       |       |    18 |     2 ||    20
Dodge: Dodged            |    42 |    55 |    79 |   181 ||   357
